 Dungeon Crawl Stone Soup version 0.19.1-1-g22dce08 (webtiles) character file.

49 Oxelix the Cudgeler (level 3, -2/27 HPs)
             Began as a Demonspawn Gladiator on Jan 6, 2017.
             Slain by a goblin (4 damage)
             ... led by Robin
             ... on level 2 of the Dungeon.
             The game lasted 00:04:53 (1106 turns).

Oxelix the Cudgeler (Demonspawn Gladiator)          Turns: 1106, Time: 00:04:54

Health: -2/27      AC:  4    Str: 13 (16) XL:     3   Next: 51%
Magic:  3/3        EV: 17    Int:  6 (9)  God:
Gold:   35         SH:  4    Dex: 15 (18) Spells: 0 memorised, 2 levels left

rFire  . . .     SeeInvis +     d - +0 whip (elec)
rCold  . . .     Gourm    .     b - +0 leather armour
rNeg   . . .     Faith    .     (no shield)
rPois  .         Spirit   .     c - +0 helmet
rElec  .         Reflect  .     (no cloak)
rCorr  .         Harm     .     (no gloves)
MR     .....                    (no boots)
Stlth  ++........               (no amulet)
                                (no ring)
                                p - ring of see invisible

@: agile
A: large bone plates 1, demonic guardian 1
a: no special abilities


You were on level 2 of the Dungeon.
You were hungry.

You visited 1 branch of the dungeon, and saw 2 of its levels.

You collected 35 gold pieces.

Inventory:

Hand Weapons
 a - a +0 flail
 d - a +0 whip of electrocution (weapon)
Armour
 b - a +0 leather armour (worn)
 c - a +0 helmet (worn)
Jewellery
 p - a ring of see invisible (left hand)
Scrolls
 j - 2 scrolls of teleportation {unknown}
 l - 4 scrolls of identify {unknown}
 m - a scroll of enchant weapon {unknown}
Comestibles
 f - a bread ration
 n - 3 fruits


   Skills:
 - Level 2.0 Fighting
 + Level 4.1 Maces & Flails
 - Level 1.7 Throwing
 - Level 2.6 Dodging


You had 2 spell levels left.
You didn't know any spells.

Dungeon Overview and Level Annotations

Branches:
Dungeon (2/15)

Altars:

Annotations:
D:2 Robin


Innate Abilities, Weirdness & Mutations

You are partially covered in large bone plates. (SH +4)
A weak demonic guardian rushes to your aid.


Message History

The hobgoblin misses your quasit.
Your quasit bites the hobgoblin but does no damage.
Your quasit closely misses the hobgoblin.
Your quasit barely misses the hobgoblin.
It was a potion of degeneration.
There was something very wrong with that liquid.
You feel weakened.
You feel dopey.
You feel clumsy. Robin throws the goblin at you!
The hobgoblin closely misses your quasit.
Your quasit misses the hobgoblin.
Your quasit closely misses the hobgoblin.
Your quasit claws the hobgoblin.
The goblin misses you.
A hobgoblin comes into view. It is wielding a club.
Your quasit bites the hobgoblin.
Your quasit claws the hobgoblin but does no damage.
Your quasit misses the hobgoblin.
Robin roars a battlecry!
The hobgoblin completely misses your quasit.
The goblin hits you.
You die...

,,,,,,,_g##.....#
,,,,,,,,gS.....g#
*********
,,,,,,,,*,#....g##
#S......#
,,,,,,,,,,****#gg#
#.......# ,,,,,,,,***
##g# #.......# ,,,,,,,**
#g# #.......# ,,,,,,**
#5# ###.......# ***,,**
#.###.........# **,,*
#@g#*.#.......# *,,,*
##.##.#.......# *,*,*
#..#.#.......# **,*,**
##.#.###)##### ,,,*,,*
#...##..# *,,**,** ****
###..##..## *,,,,,,*
*,,*##.......##
*,***,.#***..##...##.###
,,* *,...,,..#..#รท##.#


You could see Robin, 3 hobgoblins, 3 goblins and a friendly quasit.

Vanquished Creatures
  2 dart slugs (D:1)
  2 leopard geckos
  4 bats
  3 giant cockroaches (D:1)
  A hobgoblin (D:1)
  7 kobolds
  A frilled lizard (D:2)
  7 goblins
  7 rats (D:1)
34 creatures vanquished.

Vanquished Creatures (collateral kills)
  An adder (D:2)
  A goblin (D:2)
2 creatures vanquished.

Grand Total: 36 creatures vanquished

Notes
Turn   | Place    | Note
-------+----------+-------------------------------------------
     0 | D:1      | Oxelix the Demonspawn Gladiator began the quest for the Orb.
     0 | D:1      | Reached XP level 1. HP: 16/16 MP: 1/1
    47 | D:1      | Reached skill level 3 in Maces & Flails
    87 | D:1      | Gained mutation: You are partially covered in large bone plates. (SH +4) [demonic ancestry]
    87 | D:1      | Reached XP level 2. HP: 22/22 MP: 2/2
   506 | D:1      | Gained mutation: A weak demonic guardian rushes to your aid. [demonic ancestry]
   506 | D:1      | Reached XP level 3. HP: 27/27 MP: 3/3
  1067 | D:2      | Reached skill level 4 in Maces & Flails
  1075 | D:2      | Noticed Robin
  1099 | D:2      | HP: 1/27 [goblin[Robin] (3)]
  1106 | D:2      | Slain by a goblin

Skill      XL: |  1  2  3 |
---------------+----------+-----
Maces & Flails | 3 4 |  4.1
Fighting       | |  2.0
Throwing       | |  1.7
Dodging        | |  2.6

Action                   || total
-------------------------++-------
Melee: Flail             ||    12
       Whip              ||   118
Throw: Throwing net      ||     4
  Use: Potion            ||     3
       Scroll            ||     2
Armor: Leather armour    ||    34
Dodge: Dodged            ||    87
Block: Other             ||    17
